 Dungeon Crawl Stone Soup version 0.32-a0-695-g7accb7e (webtiles) character file.

Game seed: 537018227049466007

33 Toastz the Shield-Bearer (level 3, -1/20 HPs)
             Began as a Vine Stalker Fighter on Mar 12, 2024.
             Slain by Terence
             ... wielding a +0 falchion
              (5 damage)
             ... on level 2 of the Dungeon.
             The game lasted 00:01:36 (774 turns).

Toastz the Shield-Bearer (Vine Stalker Fighter)      Turns: 774, Time: 00:01:37

Health: -1/20      AC:  6    Str: 20    XL:     3   Next: 29%
Magic:  0/4        EV:  9    Int:  8    God:
Gold:   79         SH:  4    Dex: 13    Spells: 2/2 levels left

rFire   . . .        a - +0 flail
rCold   . . .        c - +0 buckler
rNeg    . . .        b - +0 scale mail
rPois   .            (no helmet)
rElec   .            (no cloak)
rCorr   .            (no gloves)
SInv    .            (no boots)
Will    .....        (no amulet) Stlth
                     (no ring)
HPRegen 1.03/turn    (no ring)
MPRegen 0.09/turn

%: guardian spirit
@: mighty
A: fangs 2, regeneration 1, magic shield, antimagic bite, no potion heal 2
a: no special abilities


You were on level 2 of the Dungeon.
You visited 1 branch of the dungeon, and saw 2 of its levels.

You collected 79 gold pieces.

Inventory:

Hand Weapons
 a - a +0 flail (weapon)
Missiles
 h - 5 darts of dispersal (quivered)
Armour
 b - a +0 scale mail (worn)
 c - a +0 buckler (worn)
Scrolls
 g - a scroll of identify {unknown}
 j - a scroll of fear {unknown}
 k - a scroll of teleportation {unknown}
 l - a scroll of torment {unknown}
 m - a scroll of noise {unknown}
Potions
 e - a potion of invisibility {unknown}
 f - a potion of berserk rage {unknown}
 i - a potion of cancellation {unknown}


   Skills:
 + Level 3.0 Fighting
 * Level 2.4 Maces & Flails
 + Level 2.6 Armour
 + Level 3.0 Shields


You had 2 spell levels left.
You didn't know any spells.
Your spell library contained the following spells:

 Spells                   Type           Power      Damage    Failure   Level
 Frozen Ramparts          Ice            0%         1d1       99%         3
 Ozocubu's Armour         Ice            0%         N/A       99%         3
 Metabolic Englaciation   Hex/Ice        0%         N/A       100%        5


Dungeon Overview and Level Annotations

Branches:
Dungeon (2/15)

Altars:

Annotations:
D:2 Terence


Innate Abilities, Weirdness & Mutations

You have extremely sharp teeth.
Your natural rate of healing is unusually fast.
When hurt, damage is shared between your health and your magic reserves.
Your bite disrupts and absorbs the magic of your enemies.
Potions cannot restore your health.


Message History

m - a scroll labelled GAFIMMYOTO You now have 79 gold pieces (gained 13).
Terence the Incautious comes into view.
He is wielding a +0 falchion.
Terence shouts!
Terence is nearby!
You completely miss Terence. Your bite misses Terence.
Terence hits you with a +0 falchion.
You barely miss Terence. Your bite misses Terence.
Terence says, "Did you write a will?
You should..."
Terence hits you but does no damage. Terence barely misses you.
You closely miss Terence. You bite Terence, but do no damage.
Terence hits you with a +0 falchion.
You hit Terence.
Terence is lightly wounded.
Terence hits you with a +0 falchion.
You barely miss Terence.
Terence is lightly wounded.
Terence hits you with a +0 falchion! Terence hits you with a +0 falchion.
You are too injured to fight recklessly!
You are too injured to fight recklessly!
You barely miss Terence.
Terence is lightly wounded.
Terence hits you but does no damage.
You hit Terence. You bite Terence. You drain his power.
You feel invigorated.
Terence is moderately wounded.
Terence hits you with a +0 falchion.
* * * LOW HITPOINT WARNING * * *
You hit Terence.
Terence is heavily wounded.
Terence hits you with a +0 falchion.
* * * LOW HITPOINT WARNING * * *
You feel very mighty all of a sudden. You block Terence's attack.
You closely miss Terence. Your bite misses Terence.
Terence is heavily wounded.
Terence hits you with a +0 falchion.
* * * LOW HITPOINT WARNING * * *
Terence hits you with a +0 falchion.
You die...
Terence says, "Rest in peace."

.# ..# ##########
....### #........# #.#
...... ##......... #.#
#..#.##..@@.....#
###.#####......#########
...............### ###.#
####......# # ..#.#
###..#.###.^ #†#.###
##..#......
#...).######..........
##.##.....##.#..####..
#..######..#.##..# .


You could see Terence.

Vanquished Creatures
  3 dart slugs (D:1)
  2 bats (D:1)
  3 endoplasms (D:1)
  3 giant cockroaches
  3 goblins
  A hobgoblin (D:1)
  2 jackals (D:1)
  A kobold (D:1)
  A ball python (D:1)
  2 frilled lizards
  4 rats (D:1)
25 creatures vanquished.

Notes
Turn   | Place    | Note
-------+----------+-------------------------------------------
     0 | D:1      | Toastz the Vine Stalker Fighter began the quest for the
                  | Orb.
     0 | D:1      | Reached XP level 1. HP: 11/11 MP: 2/2
   149 | D:1      | Reached XP level 2. HP: 14/16 MP: 1/3
   304 | D:1      | Found a faded altar of an unknown god.
   369 | D:1      | Reached XP level 3. HP: 19/19 MP: 4/4
   762 | D:2      | Noticed Terence
   774 | D:2      | Slain by Terence

Illustrated notes

Levels and vault maps discovered:
D:1:      minmay_arrival_up_and_down, layout_basic,
          shapermc_ecumenical_altar_ellora
D:2:      minmay_wonky_spiral, layout_rooms, uniq_terence

Skill      XL: |  1  2  3 |
---------------+----------+-----
Maces & Flails | 2 |  2.4
Shields        | 3 |  3.0
Fighting       | 3 |  3.0
Armour         | |  2.6

Action                     || total
---------------------------++-------
  Melee: Flail             ||    79
         Bite              ||    18
    Use: Potion            ||     1
 Armour: Scale mail        ||    57
  Dodge: Dodged            ||    38
  Block: Buckler           ||    10

Table legend: (Time is in decaauts)
 A = Elapsed time spent in this place.
 B = Non-inter-level travel time spent in this place.
 C = Inter-level travel time spent in this place.
 D = Time resting spent in this place.
 E = Time spent auto-exploring this place.
 F = Levels seen in this place.
 G = Mean time per level.
                   A        B        C        D        E       F      G
               +--------+--------+--------+--------+--------+-----+--------+
         Total |    799 |    705 |     94 |      0 |    504 |   2 |  399.5 |
       Dungeon |    799 |    705 |     94 |      0 |    504 |   2 |  399.5 |
               +--------+--------+--------+--------+--------+-----+--------+

Top non-repeatable levels by time:
     D:1: 721 daAuts
     D:2: 78 daAuts
